 Dungeon Crawl Stone Soup version 0.31-a0-995-g04711c9635 (webtiles) character file.

Game seed: 9765539651254552756

1625283 Ge0ff the Formicid Porcupine (level 27, 221/224 HPs)
             Began as a Formicid Reaver on Nov 6, 2023.
             Was the Champion of Okawaru.
             Escaped with the Orb
             ... and 3 runes!
             The game lasted 03:01:24 (75678 turns).

Ge0ff the Formicid Porcupine (Formicid Reaver)     Turns: 75678, Time: 03:01:25

Health: 221/224    AC: 41    Str: 29 (30) XL:     27
Magic:  37/37      EV: 11    Int: 19      God:    Okawaru [******]
Gold:   374        SH: 25    Dex: 18      Spells: 38/46 levels left

rFire   + + +        a - +5 scythe "Finisher" {speed, execute}
rCold   + + +        Q - +2 shield of Resistance {rF++ rC++ Will++}
rNeg    + . .        U - +7 gold dragon scales
rPois   +            (helmet unavailable)
rElec   +            x - +2 cloak
rCorr   +            S - +2 pair of gloves of Nuoq {rN+ rCorr Int-2}
SInv    +            B - +1 pair of boots of Ownopse {Rampage rF+}
Will    ++++.        H - brooch of Shielding {Spirit SH+8} Stlth
                     i - ring "Gueram" {rElec Str+3 Dex+4 Slay+3 SInv}
HPRegen 0.57/turn    Y - ring "Booc Wun" {rElec rC+ Int+6, =R}
MPRegen 0.25/turn

%: guardian spirit, rampage
@: studying 3 skills
A: permanent stasis, dig shafts and tunnels, antennae 3, four strong arms, cold
resistance 1, deterioration 1, sense surroundings 1
0: Orb of Zot
}: 3/15 runes: decaying, serpentine, silver
a: Dig, Shaft Self, Renounce Religion, Heroism, Finesse, Duel


You escaped.
You worshipped Okawaru.
Okawaru was exalted by your worship.
You visited 11 branches of the dungeon, and saw 51 of its levels.
You also visited: Bailey, Ice Cave and Wizlab.

You collected 7329 gold pieces.
You spent 6955 gold pieces at shops.

Inventory:

Hand Weapons
 a - the +5 scythe "Finisher" (weapon) {speed, execute}
   (You took it off an orc knight on level 5 of the Vaults)
 b - the +18 lance "Wyrmbane" {slay drac, rPois rF+ rC+ AC+3}
   (Okawaru gifted it to you on level 2 of the Lair of Beasts)

   AC+3:      It affects your AC (+3).
   rF+:       It protects you from fire.
   rC+:       It protects you from cold.
   rPois:     It protects you from poison
 c - the +7 lajatang of Rutuh {heavy, Fly rPois Str-4 SInv}
   (You found it on level 5 of the Vaults)

   Str-4:     It affects your strength (-4).
   rPois:     It protects you from poison SInv: It lets you see invisible.
   Fly:       It grants you flight.
 e - the +5 lajatang "One Fud" {drain, *Rage rF+ Will+ Dex+3}
   (You took it off a spriggan berserker on level 2 of the Depths)

   Dex+3:     It affects your dexterity (+3).
   rF+:       It protects you from fire.
   Will+:     It increases your willpower.
   *Rage:     It berserks you when you make melee attacks (+20% chance).
 h - a +9 vampiric halberd
 T - a +4 heavy bardiche
Missiles
 g - a throwing net {=F}
 r - 27 atropa-tipped darts
 v - 10 curare-tipped darts {=F}
 w - 10 javelins
 D - 5 datura-tipped darts {=F}
 L - 5 darts of dispersal
 O - 36 silver javelins
 Z - 4 boomerangs (quivered)
Armour
 x - a +2 cloak (worn)
 B - the +1 pair of boots of Ownopse (worn) {Rampage rF+}
   (Okawaru gifted it to you on level 2 of the Lair of Beasts)

   rF+:       It protects you from fire.
   Rampage:   It bestows one free step when moving towards enemies.
 Q - the +2 shield of Resistance (worn) {rF++ rC++ Will++}
   (You found it on level 3 of the Lair of Beasts)

   rF++:      It greatly protects you from fire.
   rC++:      It greatly protects you from cold.
   Will++:    It greatly increases your willpower.
 S - the +2 pair of gloves of Nuoq (worn) {rN+ rCorr Int-2}
   (You found it on level 10 of the Dungeon)

   Int-2:     It affects your intelligence (-2).
   rN+:       It protects you from negative energy.
   rCorr:     It protects you from acid and corrosion.
 U - +7 gold dragon scales (worn)
Jewellery
 i - the ring "Gueram" (left hand) {rElec Str+3 Dex+4 Slay+3 SInv}
   (You bought it in a shop on level 4 of the Depths)

   [ring of see invisible]

   Str+3:     It affects your strength (+3).
   Dex+4:     It affects your dexterity (+4).
   Slay+3:    It affects your accuracy & damage with ranged weapons and melee
   (+3).
   rElec:     It insulates you from electricity.
   SInv:      It lets you see invisible.
 G - the ring of the Mage {Wiz Archmagi}
   (You took it off an orc on level 2 of the Orcish Mines)

   [ring of wizardry]

   Wiz:       It improves your spell success rate.
   Archmagi:  It increases the power of your magical spells.
 H - the brooch of Shielding (around neck) {Spirit SH+8}
   (You bought it in a shop on level 12 of the Dungeon)

   [amulet of guardian spirit]

   Spirit:    It causes incoming damage to be divided between your reserves of
   health and magic.
   SH+8:      It affects your SH (+8).
 Y - the ring "Booc Wun" (right hand) {rElec rC+ Int+6, =R}
   (You bought it in a shop on level 12 of the Dungeon)

   [ring of intelligence]

   Int+6:     It affects your intelligence (+6).
   rC+:       It protects you from cold.
   rElec:     It insulates you from electricity.
Wands
 d - a wand of digging (10)
 f - a wand of flame (63)
 j - a wand of light (49)
 k - a wand of iceblast (21)
 p - a wand of paralysis (43)
 s - a wand of mindburst (31)
 P - a wand of polymorph (28)
Scrolls
 y - 15 scrolls of immolation
 C - a scroll of poison
 E - 3 scrolls of fear
 F - 14 scrolls of fog
 J - a scroll of silence {!r}
 V - 15 scrolls of vulnerability
Potions
 o - 3 potions of ambrosia
 q - 31 potions of curing
 u - 9 potions of mutation {!q}
 z - 9 potions of brilliance
 A - 6 potions of attraction
 I - a potion of invisibility
 K - 4 potions of magic {!q}
 M - 9 potions of might
 N - 5 potions of cancellation {!q}
 R - 3 potions of resistance
 W - 9 potions of heal wounds {!q}
 X - 5 potions of enlightenment
Miscellaneous
 l - a lightning rod (4/4)
 n - a phial of floods
 t - a tin of tremorstones (2/2)


   Skills:
 - Level 20.0 Fighting
 O Level 27 Polearms
 + Level 17.4 Throwing
 + Level 21.0 Armour
 + Level 9.4 Dodging
 - Level 2.0 Stealth
 - Level 17.0 Shields
 - Level 10.0 Spellcasting
 - Level 12.0 Conjurations
 - Level 1.0 Necromancy
 * Level 5.5 Translocations
 - Level 14.0 Transmutations
 - Level 7.0 Earth Magic
 + Level 17.9 Invocations
 - Level 14.0 Evocations


You had 38 spell levels left.
You knew the following spells:

 Your Spells              Type           Power      Damage    Failure   Level
e - Irradiate             Conj/Tmut      28%        3d21      13%         5
g - Apportation           Tloc           60%        N/A       10%         1
w - Passwall              Tmut/Erth      40%        N/A       1%          2

Your spell library contained the following spells:

 Spells                   Type           Power      Damage    Failure   Level
 Magic Dart               Conj           100%       1d8       1%          1
 Searing Ray              Conj           100%       2d8       1%          2
 Wereblood                Tmut           58%        N/A       1%          2
 Momentum Strike          Conj/Tloc      84%        3d10      4%          2
 Sandblast                Erth           72%        2d16      5%          1
 Sting                    Tmut/Pois      100%       1d8       5%          1
 Stone Arrow              Conj/Erth      90%        3d12      6%          3
 Kiss of Death            Conj/Necr      100%       2d13      7%          1
 Static Discharge         Conj/Air       64%        3-6/arc   12%         2
 Lesser Beckoning         Tloc           60%        N/A       16%         2
 Brom's Barrelling Bould  Conj/Erth      45%        2d6       19%         4
 Iskenderun's Battlesphe  Conj           53%        2d10      19%         5
 Dazzling Flash           Conj/Hex       64%        N/A       24%         3
 Hailstorm                Conj/Ice       32%        3d8       24%         3
 Iskenderun's Mystic Bla  Conj/Tloc      42%        2d10      26%         4
 Gell's Gravitas          Tloc           30%        N/A       30%         3
 Teleport Other           Tloc           30%        N/A       30%         3
 Ignite Poison            Fire/Tmut/Pois 27%        N/A       41%         3
 Necrotise                Necr           52%        1d6       54%         1
 Flame Wave               Conj/Fire      32%        2d9       63%         4
 Fulminant Prism          Conj/Hex       16%        3d11      63%         4
 Sticky Flame             Conj/Fire      32%        2d5       63%         4
 Slow                     Hex            36%        N/A       67%         1
 Sublimation of Blood     Necr           13%        N/A       67%         2
 Volatile Blastmotes      Fire/Tloc      40%        2d13      67%         3
 Manifold Assault         Tloc           30%        N/A       69%         4
 Passage of Golubria      Tloc           30%        N/A       69%         4
 Poisonous Vapours        Pois/Air       18%        N/A       82%         2
 Lee's Rapid Deconstruct  Erth           18%        3d11*     83%         5
 Yara's Violent Unravell  Hex/Tmut       18%        3d9       83%         5
 Vampiric Draining        Necr           13%        2d6       88%         3
 Arcjolt                  Conj/Air       16%        1d26      92%         5
 Fireball                 Conj/Fire      16%        3d8       92%         5
 Confusing Touch          Hex            9%         N/A       96%         3
 Inner Flame              Hex/Fire       9%         N/A       96%         3
 Sigil of Binding         Hex            9%         N/A       96%         3
 Freezing Cloud           Conj/Ice/Air   12%        6-21      99%         5
 Orb of Destruction       Conj           26%        9d9       99%         7
 Airstrike                Air            4%         2d(1-17)  100%        4
 Anguish                  Hex/Necr       5%         N/A       100%        4
 Cause Fear               Hex            4%         N/A       100%        4
 Olgreb's Toxic Radiance  Pois           9%         N/A       100%        4
 Agony                    Necr           13%        N/A       100%        5
 Conjure Ball Lightning   Conj/Air       16%        3x3d6     100%        6
 Dispersal                Tloc           15%        N/A       100%        6
 Eringya's Noxious Bog    Tmut/Pois      18%        4d6       100%        6
 Plasma Beam              Fire/Air       4%         2x1d14    100%        6
 Starburst                Conj/Fire      16%        6d6       100%        6
 Enfeeble                 Hex            4%         N/A       100%        7
 Ozocubu's Refrigeration  Ice            4%         4d8       100%        7
 Ignition                 Fire           4%         3d4       100%        8
 Maxwell's Capacitive Co  Air            4%         ∞         100%        8
 Chain Lightning          Conj/Air       16%        3d21      100%        9
 Fire Storm               Conj/Fire      16%        8d4       100%        9
 Polar Vortex             Ice            4%         N/A       100%        9
 Shatter                  Erth           18%        3d17*     100%        9
 Blink                    Tloc           Unusable   N/A       N/A         2
 Summon Small Mammal      Summ           Unusable   N/A       N/A         1
 Animate Armour           Summ/Erth      Unusable   N/A       N/A         4
 Summon Guardian Golem    Hex/Summ       Unusable   N/A       N/A         3
 Tukima's Dance           Hex            Unusable   N/A       N/A         3
 Vhi's Electric Charge    Tloc/Air       Unusable   N/A       N/A         4
 Summon Lightning Spire   Summ/Air       Unusable   N/A       N/A         4
 Summon Forest            Summ/Tloc      Unusable   N/A       N/A         5
 Simulacrum               Ice/Necr       Unusable   N/A       N/A         6
 Spellforged Servitor     Conj/Summ      Unusable   N/A       N/A         7
 Summon Hydra             Summ           Unusable   N/A       N/A         7
 Dragon's Call            Summ           Unusable   N/A       N/A         9

Dungeon Overview and Level Annotations

Branches:
Dungeon (15/15)            Temple (1/1) D:4            Lair (5/5) D:8
  Swamp (4/4) Lair:2        Snake (4/4) Lair:2        Slime (0/5) Lair:5
    Orc (2/2) D:10            Elf (3/3) Orc:2        Vaults (5/5) D:13
  Crypt (3/3) Vaults:2       Tomb (0/3) Crypt:3      Depths (4/4) D:15
    Zot (5/5) Depths:4     Bailey (visited)           IceCv (visited)
 WizLab (visited)

Altars:
Ashenzari
Cheibriados
Dithmenos
Elyvilon
Fedhas
Gozag
Hepliaklqana
Kikubaaqudgha
Makhleb
Nemelex Xobeh
Okawaru
Qazlal
Ru
Sif Muna
Trog
Uskayaw
Vehumet
Wu Jian
Xom
Yredelemnul
Zin
The Shining One
Jiyva
Lugonu

Shops:
D:1 :   D:10 *   D:12 =   D:14 !   D:15 ((   Orc:2 [*[:   Elf:1 !   Elf:2 ?
Snake:4 *   Vaults:2 [*:*   Vaults:4 [   Vaults:5 (   Depths:1 !   Depths:4 =:=

Portals:
Hell: Depths:1 Depths:2 Depths:3 Depths:4
Abyss: Swamp:4 Depths:2 Depths:3
Pandemonium: Depths:2 Depths:3
Ziggurat: Depths:2


Innate Abilities, Weirdness & Mutations

You cannot be hasted, slowed, berserked, paralysed or teleported.
You can dig through walls and to a lower floor.
You have a pair of large antennae on your head. (SInv)
Your four strong arms can wield two-handed weapons with a shield.
Your flesh is cold resistant. (rC+)
Your body sometimes deteriorates upon taking damage.
You passively map a small area around you.


Message History

A mysterious force pulls you upwards. The hatch slams shut behind you.
There is a stone staircase leading up here.
You climb upwards.
HP restored.
There is a stone staircase leading down here.
There is an open door here.
Things that are here:
a +0 leather armour; a +0 morningstar
There is a stone staircase leading up, spattered with blood here.
You climb upwards.
There is a stone staircase leading down here.
There is a stone staircase leading up here.
You climb upwards.
There is a stone staircase leading down here.
There is a stone staircase leading up here.
You climb upwards.
There is a stone staircase leading down here.
You sense a monster nearby.
An Orb Guardian comes into view.
You hit the Orb Guardian but do no damage.
The Orb Guardian hits you!!
You impale the Orb Guardian!!
You blow up the Orb Guardian!
Okawaru accepts your kill.
You see here a +0 dagger.
There is a stone staircase leading up here.
You climb upwards.
Magic restored.
There is a stone staircase leading down here.
There is an open door here.
You see here a +0 club.
A soul eater comes into view.
You rampage towards the soul eater!
You rampage towards the soul eater!
You barely miss the soul eater. You slash the soul eater!
The soul eater is moderately wounded.
The soul eater hits you but does no damage.
You slash the soul eater!
The soul eater is moderately wounded.
You slash the soul eater!
The soul eater is severely wounded.
You block the soul eater's attack.
You slice the soul eater!!
You kill the soul eater!
Okawaru accepts your kill.
Aiming: Dig
Press: ? - help, Shift-Dir - straight line A rock wall.
This square is covered in magical glow.
The rock shatters into small pieces.
There is a staircase leading out of the dungeon here.
You have escaped!

### ########.#
#........#####
#.........)..#
########.##.## ##
##.....##.##.#
#.##.#####.#.##.#
#...8≈8≈8.#.##.###
#@.~≈≈≈≈........#
#..8≈8≈8.#......#
##..####.#......#
##.....##......##
#########.####......#.
#................####.
##.###########.#......
#.# #.....#.#.####.
#.# #.###.#)#.# #.


There were no monsters in sight!

Vanquished Creatures
  4 dread liches
  3 ancient liches
  Mara (Vaults:3)
  3 orbs of fire (Zot:5)
  A juggernaut (Depths:2)
  Boris (thrice) (Vaults:3 Depths:3 Crypt:1)
  7 Killer Klowns (Zot:5)
  the Lernaean hydra (Swamp:4)
  Parghit (Depths:3)
  Bai Suzhen (Crypt:1)
  Frederick (Depths:4)
  3 curse toes (Zot:5)
  9 caustic shrikes
  10 golden dragons
  3 bone dragons
  2 Brimstone Fiends
  A Tzitzimitl (Zot:5)
  A pandemonium lord (Zot:4)
  A hellephant (Depths:2)
  Rupert (Lair:5)
  3 electric golems
  16 tentacled monstrosities
  4 liches
  26 Orb Guardians
  2 deep elf master archers (Elf:3)
  A walking divine tome (Depths:2)
  A walking earthen tome (Depths:2)
  2 titans (Vaults:5)
  7 sphinxes
  6 quicksilver dragons
  4 deep elf blademasters (Elf:3)
  2 acid blobs (Depths:4)
  Asterion (Snake:2)
  A thorn hunter (Swamp:4)
  9 death cobs
  10 shadow dragons
  2 ancient champions
  Frances (Swamp:2)
  Gastronok (D:11)
  Aizul (Vaults:4)
  4 revenants
  The ghost of Exees the Severer, an adept MiBe of Trog (Swamp:2)
  7 tengu reavers
  4 draconian monks
  Donald (Swamp:2)
  2 rockslimes (Depths:4)
  12 storm dragons
  4 nagarajas
  4 azure jellies (Depths:4)
  A draconian knight (Zot:5)
  13 frost giants
  2 ghost moths
  A frost giant (shapeshifter) (Vaults:5)
  Louise (Snake:4)
  21 vault wardens
  2 draconian scorchers
  6 deep elf sorcerers
  A balrug (Zot:1)
  7 fire giants
  4 deep elf elementalists (Elf:3)
  A caustic shrike zombie (Crypt:2)
  2 iron dragons
  5 orc warlords
  2 draconian stormcallers
  2 juggernaut zombies (Crypt:3)
  A draconian shifter (Depths:4)
  3 draconian annihilators
  A reaper (Depths:3)
  6 formless jellyfish
  The ghost of zurenarrh the Earth Mage, a journeyman FoEE of Cheibriados (Lair:5)
  3 curse skulls
  A cacodemon (Depths:2)
  8 war gargoyles
  7 ghouls (Crypt:1)
  25 very ugly things
  4 spriggan defenders
  9 quicksilver oozes (Depths:4)
  6 vampire knights
  22 ironbound preservers
  12 ironbound thunderhulks
  A caustic shrike skeleton (Crypt:3)
  19 stone giants
  5 green draconians
  5 deep elf demonologists (Elf:3)
  6 white draconians
  3 eleionomae
  The ghost of NigelTetley the Cleaver, a journeyman FoFi of Okawaru (Orc:1)
  8 black draconians
  5 dire elephants
  8 red draconians
  7 deep elf annihilators
  2 purple draconians
  A minotaur (shapeshifter) (Depths:2)
  3 bunyips
  9 deep elf death magi
  5 yellow draconians
  8 spark wasps
  3 eidola
  7 jiangshi
  An acid blob zombie (Crypt:1)
  2 ettins (shapeshifter)
  4 crystal guardians
  A blizzard demon (Depths:3)
  4 deep elf high priests
  3 entropy weavers
  6 ettins
  12 yaktaur captains
  7 fire dragons
  35 vault guards
  5 great orbs of eyes
  4 salamander tyrants
  23 hydras
  11 ice dragons
  3 ogre magi
  Harold (Lair:2)
  13 centaur warriors
  2 hell beasts
  A catoblepas (Lair:3)
  10 peacekeepers
  Erolcha (D:11)
  10 ironbound frosthearts
  A fenstrider witch skeleton (Crypt:1)
  4 spriggan air magi
  A spriggan skeleton (Crypt:2)
  5 rakshasas
  Erica (Lair:2)
  24 naga warriors
  A bennu zombie (Crypt:2)
  5 boulder beetles
  A death knight (Crypt:2)
  8 alligators
  32 dancing weapons
  2 alligator snapping turtles (Snake:1)
  16 anacondas
  8 two-headed ogres
  6 tengu warriors
  4 death yaks
  8 deep troll shamans
  5 vampire magi
  7 orc high priests
  7 spriggan berserkers
  12 deep troll earth magi
  12 naga sharpshooters
  4 soul eaters
  Urug (Lair:5)
  6 sun demons
  11 shock serpents
  A titan zombie (Crypt:1)
  An occultist (Depths:2)
  20 hell knights
  23 deep elf knights
  2 skysharks
  7 salamander mystics
  A sixfirhy (Depths:2)
  5 iron trolls
  2 sea snakes
  18 skeletal warriors (Crypt:3)
  2 spriggan druids
  10 swamp dragons
  Lodul (D:10)
  A fire crab (Lair:5)
  4 flayed ghosts
  7 naga ritualists
  7 arcanists
  A death drake (Swamp:2)
  68 deep trolls
  An orange crystal statue (D:13)
  20 deep elf archers
  18 ironbound convokers
  15 bog bodies
  An anaconda skeleton (Crypt:3)
  6 goliath frogs
  8 glowing orange brains
  15 lindwurms
  24 deep elf zephyrmancers
  12 mana vipers
  12 phantasmal warriors
  15 orc knights
  3 stone giant zombies
  35 deep elf pyromancers
  6 necromancers
  A jorogumo zombie (Crypt:1)
  A wolf spider (Lair:5)
  29 ugly things
  3 oklob plants (Lair:5)
  A broodmother zombie (Crypt:2)
  4 will-o-the-wisps
  5 orc sorcerers
  20 moths of wrath
  A manticore (Lair:5)
  3 ice statues
  An iron dragon skeleton (Crypt:3)
  26 salamanders
  20 naga magi
  7 cyclopes
  18 guardian serpents
  9 fire giant skeletons (Crypt:3)
  23 vault sentinels
  10 gargoyles
  8 smoke demons
  3 molten gargoyles (WizLab)
  2 orange demons
  A centaur skeleton (Crypt:3)
  54 black mambas
  20 cane toads
  A torpor snail (Lair:5)
  A water nymph (shapeshifter) (Vaults:5)
  5 unseen horrors
  A kobold demonologist (D:12)
  9 rime drakes
  A sea snake zombie (Crypt:2)
  An efreet (Zot:5)
  Maggie (D:8)
  3 freezing wraiths
  3 tengu conjurers
  A tormentor (Zot:4)
  11 yaktaurs
  6 komodo dragons
  A hydra zombie (Crypt:3)
  3 red devils
  A yaktaur skeleton (Vaults:3)
  4 guardian mummies
  2 ice devils (D:11)
  11 trolls
  2 hellwings (D:9)
  13 polar bears
  3 tyrant leeches
  18 hornets
  A raiju (Lair:5)
  7 glass eyes
  A shadow dragon simulacrum (Crypt:2)
  4 snapping turtles (Snake:1)
  10 blink frogs
  A harpy skeleton (Crypt:2)
  Sigmund (D:2)
  A centaur simulacrum (Crypt:1)
  5 shadows
  A jumping spider (Vaults:1)
  26 slime creatures
  2 air elementals (Elf:2)
  An ettin skeleton (Crypt:3)
  21 yaks
  7 fire dragon skeletons (Crypt:3)
  A slime creature (shapeshifter) (Depths:3)
  4 vampires
  18 spriggans
  13 wyverns
  2 ynoxinuls
  Grum (D:11)
  5 water elementals
  2 ushabtiu (Crypt:3)
  A basilisk (shapeshifter) (Depths:4)
  5 basilisks
  4 fire bats (Depths:1)
  3 golden eyes (Depths:4)
  2 neqoxecs (Depths:3)
  A steam dragon (D:8)
  11 wraiths
  5 fire elementals
  2 redbacks
  A human (shapeshifter) (Elf:1)
  A chaos spawn (Depths:3)
  A death yak simulacrum (IceCv)
  A yaktaur simulacrum (Vaults:3)
  44 nagas
  2 vampire mosquitoes (D:12)
  19 swamp worms
  A swamp worm (shapeshifter) (Vaults:4)
  10 wargs
  17 water moccasins
  14 hell hounds (Lair:5)
  A two-headed ogre skeleton (Crypt:2)
  51 orc warriors
  10 swamp drakes
  11 black bears (Lair:5)
  8 ice beasts
  A swamp dragon zombie (Crypt:1)
  45 wolves
  5 centaurs
  26 ogres
  4 human zombies
  A fire crab zombie (Crypt:2)
  12 bullfrogs
  2 kobold brigands
  A komodo dragon zombie (Crypt:2)
  4 necrophages (Crypt:1)
  5 earth elementals
  2 gnoll sergeants
  2 scorpions
  A scorpion (shapeshifter) (Depths:4)
  A cane toad simulacrum (D:11)
  9 wights
  A spriggan zombie (Crypt:1)
  A shapeshifter zombie (Crypt:2)
  26 killer bees
  7 vampire bats (Bailey)
  5 howler monkeys
  8 wolf zombies (Bailey)
  2 electric eels
  A lava snake (D:7)
  A wolf skeleton (Crypt:1)
  4 hounds
  Crazy Yiuf (D:6)
  2 gnoll boudas
  36 orc priests
  2 jellies
  2 iguanas
  2 sleepcaps
  4 human skeletons (Crypt:1)
  Ijyb (D:4)
  21 orc wizards
  2 lightning spires (WizLab)
  A troll simulacrum (D:11)
  2 spriggan simulacra
  2 wolf simulacra (IceCv)
  A boggart simulacrum (D:14)
  14 mummies
  22 gnolls
  7 adders
  A swamp drake skeleton (Crypt:1)
  2 shadow imps (D:6)
  14 white imps
  An iguana zombie (Crypt:1)
  A lava snake zombie (Crypt:1)
  121 orcs
  7 ball pythons
  6 bats
  2 endoplasms
  An endoplasm (shapeshifter) (D:15)
  3 giant cockroaches
  12 goblins
  6 hobgoblins
  3 quokkas
  5 frilled lizards
  17 kobolds
  22 orc zombies (Bailey)
  5 rats
  A rat skeleton (Crypt:1)
  A river rat skeleton (Crypt:1)
  A spectral orc (D:9)
2469 creatures vanquished.

Vanquished Creatures (others)
  A tentacled monstrosity (Vaults:5)
  A white draconian (Zot:3)
  A deep elf knight (Elf:1)
  A deep elf zephyrmancer (Elf:3)
  2 deep elf pyromancers
  An ugly thing (IceCv)
  A naga mage (Snake:4)
  A bloated husk (Swamp:2)
  A water elemental (Elf:2)
  A naga (Snake:3)
  18 foxfires
  A lurking horror (Swamp:4)
30 creatures vanquished.

Grand Total: 2499 creatures vanquished

Notes
Turn   | Place    | Note
-------+----------+-------------------------------------------
     0 | D:1      | Ge0ff the Formicid Reaver began the quest for the Orb.
     0 | D:1      | Reached XP level 1. HP: 16/16 MP: 3/3
    91 | D:1      | Reached skill level 1 in Stealth
   125 | D:1      | Reached XP level 2. HP: 22/22 MP: 5/5
   209 | D:1      | Found Dont's Book Shop.
   290 | D:1      | Reached XP level 3. HP: 28/28 MP: 6/6
   933 | D:2      | Noticed Sigmund
   963 | D:2      | Killed Sigmund
   964 | D:2      | Reached skill level 5 in Polearms
   964 | D:2      | Reached XP level 4. HP: 7/37 MP: 0/7
   964 | D:2      | Reached XP level 5. HP: 8/42 MP: 0/8
   964 | D:2      | Reached XP level 6. HP: 9/48 MP: 0/9
  2057 | D:3      | Found a faded altar of an unknown god.
  2344 | D:3      | Noticed an ogre
  2356 | D:3      | Killed an ogre
  2357 | D:3      | Reached skill level 1 in Armour
  2357 | D:3      | Reached skill level 1 in Necromancy
  2778 | D:4      | Reached skill level 5 in Fighting
  2978 | D:4      | Reached XP level 7. HP: 55/56 MP: 8/10
  3001 | D:4      | Found a staircase to the Ecumenical Temple.
  3008 | Temple   | Entered the Ecumenical Temple
  3027 | Temple   | Became a worshipper of Warmaster Okawaru
  3210 | D:4      | Reached skill level 6 in Polearms
  3854 | D:4      | Found a white marble altar of Elyvilon.
  3901 | D:4      | Noticed Ijyb
  3917 | D:4      | Killed Ijyb
  3996 | D:5      | Entered Level 5 of the Dungeon
  4088 | D:5      | Reached skill level 7 in Polearms
  4130 | D:5      | Noticed a wraith
  4142 | D:5      | Killed a wraith
  4142 | D:5      | Reached * piety under Okawaru
  4143 | D:5      | Reached XP level 8. HP: 29/62 MP: 5/11
  4191 | D:5      | Reached skill level 8 in Polearms
  4967 | D:5      | Reached skill level 1 in Invocations
  5426 | D:5      | Found an ornate altar of the Wu Jian Council.
  5435 | D:5      | Noticed a spectral centipede
  5435 | D:5      | Noticed a spectral black mamba
  5641 | D:5      | Found a radiant altar of Vehumet.
  5976 | D:5      | Reached skill level 9 in Polearms
  6225 | D:6      | Found Pity's Mayhem Merchandise.
  6633 | D:6      | Reached XP level 9. HP: 64/68 MP: 10/12
  6800 | D:6      | Found a runed translucent door.
  6801 | D:6      | Noticed Crazy Yiuf
  6807 | D:6      | Killed Crazy Yiuf
  7039 | D:6      | Reached skill level 10 in Polearms
  7130 | D:6      | Reached ** piety under Okawaru
  7290 | D:7      | Found a flagged portal.
  7378 | Bailey   | Entered a bailey
  7519 | Bailey   | Reached skill level 11 in Polearms
  7777 | Bailey   | Noticed a gargoyle
  7790 | Bailey   | Killed a gargoyle
  7861 | Bailey   | Reached skill level 12 in Polearms
  7861 | Bailey   | Reached XP level 10. HP: 73/74 MP: 10/13
  8104 | D:7      | Reached *** piety under Okawaru
  8591 | D:8      | Reached skill level 13 in Polearms
  8743 | D:8      | Reached skill level 5 in Armour
  8778 | D:8      | Reached **** piety under Okawaru
  8832 | D:8      | Noticed a rime drake
  8843 | D:8      | Killed a rime drake
  8856 | D:8      | Reached skill level 14 in Polearms
  8856 | D:8      | Reached XP level 11. HP: 79/79 MP: 11/14
  9009 | D:8      | Noticed Maggie
  9023 | D:8      | Killed Maggie
  9273 | D:8      | Found a staircase to the Lair.
  9994 | D:9      | Reached ***** piety under Okawaru
 10073 | D:9      | Reached skill level 5 in Invocations
 10425 | D:9      | Found a hazy altar of Hepliaklqana.
 10620 | D:9      | Noticed a two-headed ogre
 10635 | D:9      | Killed a two-headed ogre
 10967 | D:10     | Entered Level 10 of the Dungeon
 11116 | D:10     | Found Ivvoim's Mail-Order Catalogue.
 11127 | D:10     | Reached skill level 1 in Throwing
 11156 | D:10     | Identified the +2 pair of gloves of Nuoq {rN+ rCorr Int-2}
 11212 | D:10     | Received a gift from Okawaru
 11248 | D:10     | Noticed Lodul
 11267 | D:10     | Killed Lodul
 11288 | D:10     | Reached skill level 15 in Polearms
 11510 | D:10     | Reached XP level 12. HP: 92/92 MP: 13/15
 12222 | D:10     | Found a staircase to the Orcish Mines.
 12290 | D:11     | Identified the of Wufoa
 12317 | D:11     | Noticed a two-headed ogre
 12321 | D:11     | Killed a two-headed ogre
 12471 | D:11     | Noticed Grum
 12479 | D:11     | Killed Grum
 12714 | D:11     | Noticed Gastronok
 12736 | D:11     | Killed Gastronok
 12737 | D:11     | Reached skill level 5 in Throwing
 12831 | D:11     | Noticed a death yak
 12835 | D:11     | Noticed a death yak
 12848 | D:11     | Killed a death yak
 12970 | D:11     | Received a gift from Okawaru
 13080 | D:11     | Killed a death yak
 13119 | D:11     | Reached skill level 10 in Fighting
 13130 | D:11     | Reached skill level 16 in Polearms
 13132 | D:11     | HP: 2/97 [cane toad simulacrum (15)]
 13693 | D:11     | Noticed Erolcha
 13710 | D:11     | Killed Erolcha
 13711 | D:11     | Reached skill level 1 in Evocations
 13711 | D:11     | Reached XP level 13. HP: 103/103 MP: 16/16
 13943 | Lair:1   | Entered Level 1 of the Lair of Beasts
 14054 | Lair:1   | Received a gift from Okawaru
 15416 | Lair:2   | Found a staircase to the Swamp.
 15472 | Lair:2   | Noticed an eight-headed hydra
 15483 | Lair:2   | Killed an eight-headed hydra
 15567 | Lair:2   | Noticed Harold
 15603 | Lair:2   | Killed Harold
 15819 | Lair:2   | Found a staircase to the Snake Pit.
 16051 | Lair:2   | Reached ****** piety under Okawaru
 16051 | Lair:2   | Received a gift from Okawaru
 16066 | Lair:2   | Acquired the +8 lance "Wyrmbane" {slay drac, rPois rF+ rC+
                  | AC+3}
 16066 | Lair:2   | Received a gift from Okawaru
 16066 | Lair:2   | Found the +8 lance "Wyrmbane" {slay drac, rPois rF+ rC+
                  | AC+3}
 16075 | Lair:2   | Acquired the +1 pair of boots of Ownopse {Rampage rF+}
 16075 | Lair:2   | Received a gift from Okawaru
 16306 | Lair:2   | Noticed Erica
 16324 | Lair:2   | Killed Erica
 16786 | Lair:3   | Found the +2 shield of Resistance {rF++ rC++ Will++}
 17142 | Lair:3   | Noticed a catoblepas
 17160 | Lair:3   | Killed a catoblepas
 17910 | Lair:4   | Reached XP level 14. HP: 107/113 MP: 17/19
 18036 | Lair:4   | Received a gift from Okawaru
 18783 | Lair:5   | Entered Level 5 of the Lair of Beasts
 19000 | Lair:5   | Noticed zurenarrh's ghost (journeyman FoEE)
 19018 | Lair:5   | Found a bloodstained altar of Trog.
 19115 | Lair:5   | Found a transporter.
 19119 | Lair:5   | Found a transporter.
 19189 | Lair:5   | Noticed Urug
 19191 | Lair:5   | Received a gift from Okawaru
 19253 | Lair:5   | Killed Urug
 19843 | Lair:5   | Received a gift from Okawaru
 19871 | Lair:5   | Reached skill level 15 in Fighting
 19871 | Lair:5   | Reached skill level 1 in Shields
 19896 | Lair:5   | Found a viscous altar of Jiyva.
 19933 | Lair:5   | Found a staircase to the Slime Pits.
 20062 | Lair:5   | Reached skill level 5 in Shields
 20232 | Lair:5   | Reached XP level 15. HP: 127/129 MP: 12/20
 20301 | Lair:5   | Received a gift from Okawaru
 20766 | Lair:5   | Noticed Rupert
 20800 | Lair:5   | Killed Rupert
 20801 | Lair:5   | Reached skill level 10 in Shields
 21903 | Orc:1    | Entered Level 1 of the Orcish Mines
 22144 | Orc:2    | Entered Level 2 of the Orcish Mines
 22208 | Orc:2    | Received a gift from Okawaru
 22429 | Orc:1    | Found a runed translucent gate.
 22430 | Orc:1    | Found a runed translucent gate.
 22437 | Orc:1    | Found a runed translucent gate.
 22440 | Orc:1    | Noticed NigelTetley's ghost (journeyman FoFi)
 22444 | Orc:1    | Found an iron altar of Okawaru.
 22996 | Orc:2    | Noticed an orc warlord
 23007 | Orc:2    | Killed an orc warlord
 23008 | Orc:2    | Reached skill level 5 in Evocations
 23182 | Orc:2    | Reached skill level 5 in Dodging
 23188 | Orc:2    | Found Ejinnua's Book Boutique.
 23244 | Orc:2    | Found Litoi's Antique Armour Shop.
 23326 | Orc:2    | Received a gift from Okawaru
 23565 | Orc:2    | Noticed an orc warlord
 23581 | Orc:2    | Killed an orc warlord
 23928 | Orc:2    | Reached XP level 16. HP: 136/136 MP: 22/22
 24046 | Orc:2    | Found a staircase to the Elven Halls.
 24416 | Orc:2    | Found Loxug's General Store.
 24425 | Orc:2    | Bought a scroll of enchant weapon for 105 gold pieces
 24425 | Orc:2    | Bought a scroll of identify for 28 gold pieces
 24453 | Orc:2    | Found Recs's Armour Shop.
 24866 | D:12     | Received a gift from Okawaru
 24973 | D:12     | Noticed Nessos
 24974 | D:12     | Nessos changed into Nessos the glass eye
 24974 | D:12     | Noticed Nessos
 24981 | D:12     | Killed Nessos the glass eye
 25672 | D:12     | Found Ennukh's Jewellery Boutique.
 25681 | D:12     | Bought the brooch of Shielding {Spirit SH+8} for 845 gold
                  | pieces
 25681 | D:12     | Found the brooch of Shielding {Spirit SH+8}
 25992 | D:13     | Found a frozen archway.
 26035 | IceCv    | Entered an ice cave
 26064 | IceCv    | Found a transporter.
 26077 | IceCv    | Found a transporter.
 26150 | D:13     | Found a runed translucent door.
 26338 | D:13     | Found a runed translucent door.
 26362 | D:13     | Found a runed translucent door.
 26381 | D:13     | Found a runed translucent door.
 27028 | D:13     | Found a gate to the Vaults.
 27523 | D:14     | Received a gift from Okawaru
 27590 | D:14     | Found Fite's Distillery.
 27599 | D:14     | Bought a potion of enlightenment for 55 gold pieces
 27893 | D:15     | Entered Level 15 of the Dungeon
 28032 | D:15     | Found Abits's Antique Weapon Emporium.
 28547 | D:15     | Found Ozitut's Weapon Shop.
 28597 | D:15     | Received a gift from Okawaru
 28712 | D:15     | Reached skill level 10 in Invocations
 28745 | D:15     | Found a staircase to the Depths.
 29025 | Snake:1  | Identified the of Cougoerch
 29025 | Swamp:1  | Entered Level 1 of the Swamp
 29201 | Swamp:1  | Reached XP level 17. HP: 144/144 MP: 24/24
 29210 | Swamp:1  | Reached skill level 10 in Armour
 29311 | Swamp:1  | Found a radiant altar of Vehumet.
 29700 | Swamp:1  | Received a gift from Okawaru
 29843 | Swamp:2  | Noticed Frances
 29879 | Swamp:2  | Killed Frances
 29891 | Swamp:2  | Noticed Donald
 29942 | Swamp:2  | Killed Donald
 30090 | Swamp:2  | Found a runed translucent door.
 30091 | Swamp:2  | Noticed Exees's ghost (adept MiBe)
 30354 | Swamp:2  | Reached skill level 15 in Shields
 30385 | Swamp:2  | Received a gift from Okawaru
 30674 | Swamp:2  | Killed Exees's ghost
 30775 | Swamp:3  | Identified a scroll of acquirement
 30795 | Swamp:3  | Acquired a manual of Invocations
 30964 | Swamp:3  | Identified the orb "Asaga" {light, Harm rF+ Will+}
 31261 | Swamp:3  | Noticed a tentacled monstrosity
 31294 | Swamp:3  | Killed a tentacled monstrosity
 31451 | Swamp:4  | Entered Level 4 of the Swamp
 31978 | Swamp:4  | Noticed the 27-headed Lernaean hydra
 32001 | Swamp:4  | Killed the 27-headed Lernaean hydra
 32022 | Swamp:4  | Got a decaying rune of Zot
 32096 | Swamp:4  | Reached XP level 18. HP: 155/155 MP: 26/26
 32537 | Swamp:4  | Found a corrupted altar of Lugonu.
 32538 | Swamp:4  | Found a one-way gate to the infinite horrors of the Abyss.
 32882 | Snake:1  | Entered Level 1 of the Snake Pit
 32892 | Snake:1  | Reached skill level 17 in Polearms
 33163 | Orc:2    | Bought +0 gold dragon scales for 1040 gold pieces
 33475 | Snake:1  | Received a gift from Okawaru
 34590 | Snake:1  | Received a gift from Okawaru
 35637 | Snake:2  | Learned a level 5 spell: Irradiate
 35887 | Snake:2  | Reached XP level 19. HP: 132/168 MP: 25/28
 36385 | Snake:2  | Noticed Asterion
 36409 | Snake:2  | Killed Asterion
 36988 | Snake:3  | Received a gift from Okawaru
 37972 | Snake:3  | Received a gift from Okawaru
 38387 | Snake:4  | Entered Level 4 of the Snake Pit
 38436 | Snake:4  | Noticed Louise
 38453 | Snake:4  | Killed Louise
 38982 | Snake:4  | Received a gift from Okawaru
 39049 | Snake:4  | Found Pames's General Store.
 39058 | Snake:4  | Bought a scroll of fog for 76 gold pieces
 39123 | Snake:4  | Reached skill level 18 in Polearms
 39882 | Snake:4  | Reached XP level 20. HP: 169/176 MP: 23/29
 40054 | Snake:4  | Received a gift from Okawaru
 40317 | Snake:4  | Got a serpentine rune of Zot
 40663 | D:12     | Bought the ring "Booc Wun" {rElec rC+ Int+6} for 741 gold
                  | pieces
 40837 | Orc:1    | Reached skill level 1 in Transmutations
 40860 | Orc:1    | Killed NigelTetley's ghost
 40896 | Orc:1    | Identified the +0 morningstar of Qufyjit {drain, Stlth+}
 41241 | Lair:5   | Killed zurenarrh's ghost
 41682 | Vaults:5 | Identified the "Baef"
 41682 | Depths:2 | Identified the of Ziwaf
 41682 | Depths:3 | Identified the "Tulef"
 41682 | Elf:1    | Identified the "Xukhiwuy"
 41682 | Elf:1    | Identified the of Cejimuf
 41682 | Elf:1    | Entered Level 1 of the Elven Halls
 41682 | Elf:1    | Found a runed translucent gate.
 41682 | Elf:1    | Found a runed translucent gate.
 41682 | Elf:1    | Found a runed translucent gate.
 41682 | Elf:1    | Found a runed translucent gate.
 41682 | Elf:1    | Found a runed translucent gate.
 41682 | Elf:1    | Found a runed translucent gate.
 41683 | Elf:1    | Found a runed translucent door.
 41711 | Elf:1    | Found a runed translucent door.
 42038 | Elf:1    | Received a gift from Okawaru
 42128 | Elf:1    | Found Bicaasm's Distillery.
 42143 | Elf:1    | Bought a potion of invisibility for 96 gold pieces
 42500 | Elf:1    | Reached skill level 5 in Conjurations
 42929 | Elf:1    | Reached skill level 5 in Transmutations
 43557 | Elf:2    | Received a gift from Okawaru
 43590 | Elf:2    | Found Pushriol's Magic Scroll Emporium.
 43594 | Elf:2    | Bought a scroll of poison for 80 gold pieces
 43594 | Elf:2    | Bought a scroll of immolation for 80 gold pieces
 43711 | Elf:2    | Reached XP level 21. HP: 183/183 MP: 30/30
 43718 | Elf:2    | Found a runed translucent gate.
 43719 | Elf:2    | Found a runed translucent gate.
 43721 | Elf:2    | Found a runed translucent gate.
 44334 | Elf:2    | Reached skill level 5 in Spellcasting
 44554 | Elf:2    | Received a gift from Okawaru
 44880 | Elf:3    | Identified the "Veazoxt"
 44880 | Elf:3    | Identified the "Hoiph"
 44880 | Elf:3    | Entered Level 3 of the Elven Halls
 45160 | Elf:3    | Found a magical portal.
 45169 | WizLab   | Entered Maxwell's Workshop
 45337 | WizLab   | Found the +15 Maxwell's patent armour {-Cast -Tele rElec
                  | Will+ rCorr}
 45496 | WizLab   | Identified the +1 scale mail of the Bellicose God {Str+3}
 45685 | WizLab   | Noticed an electric golem
 45703 | WizLab   | Killed an electric golem
 45704 | WizLab   | Reached skill level 10 in Transmutations
 45728 | WizLab   | Identified the ring "Tixtetump" {Ice rPois MP-9 Dex+3}
 45741 | WizLab   | Identified the +2 dagger of Annihilation {spect, rN++}
 45744 | WizLab   | Identified the +7 short sword "Wufiemat" {freeze, Int+5
                  | Dex+3}
 45764 | WizLab   | Identified the ring "Coselledu" {Ice Drain +Blink rN+++
                  | Str-5}
 46024 | Elf:3    | Received a gift from Okawaru
 46038 | Elf:3    | Reached XP level 22. HP: 190/190 MP: 32/32
 46870 | Elf:3    | Identified the +2 scale mail of Integrity {Slay+2}
 46902 | Elf:3    | Identified the +4 short sword of the Cursing Genius {heavy,
                  | rN+ MP+9 Stlth+}
 47072 | Elf:3    | Identified the +7 falchion of Resourcefulness {drain, rF-
                  | rN+ SInv}
 47088 | Elf:3    | Identified the +4 ring mail "Xautwimo" {rF- Will+ rCorr}
 47208 | Elf:3    | Identified the +4 mace "Demon's Regret" {drain, rPois rF++
                  | Int+2 SInv}
 47229 | Elf:3    | Identified the +1 quarterstaff of the Ecumenical Temple
                  | {heavy, rC++ Int+4}
 47238 | Elf:3    | Reached skill level 10 in Conjurations
 47267 | Elf:3    | Identified the +7 trident of a treasure trove {flame, rElec
                  | rC++}
 47267 | Elf:3    | Identified the +2 robe of the Inquisitive Tusks {Drain
                  | rPois rCorr Stlth+}
 47317 | Elf:3    | Identified the maw talisman "Yrenasho" {rPois rC- Int-4
                  | SInv}
 47329 | Elf:3    | Identified the +1 spear of Ezuzax {freeze, Str+3}
 47749 | Vaults:1 | Entered Level 1 of the Vaults
 47769 | Vaults:1 | Received a gift from Okawaru
 48058 | Vaults:1 | Reached skill level 10 in Throwing
 48618 | Vaults:1 | Received a gift from Okawaru
 49214 | Vaults:2 | Found Poiseq's Book Shoppe.
 49263 | Vaults:2 | Found Suenuimo's General Store.
 49473 | Vaults:2 | Reached XP level 23. HP: 196/196 MP: 25/35
 49618 | Vaults:2 | Received a gift from Okawaru
 49744 | Vaults:2 | Found a staircase to the Crypt.
 49852 | Vaults:2 | Found Rigutalu's Assorted Antiques.
 50287 | Vaults:2 | Found Doke's Antique Armour Boutique.
 50696 | Vaults:3 | Noticed Mara
 50701 | Vaults:3 | Noticed Ge0ff's illusion
 50714 | Vaults:3 | Killed Mara
 50766 | Vaults:3 | Noticed Boris
 50789 | Vaults:3 | Killed Boris
 50956 | Vaults:3 | Identified the +1 robe "Taplom" {rElec Will+ Dex+3 SInv}
 51097 | Vaults:3 | Received a gift from Okawaru
 51915 | Vaults:3 | Identified the scarf "Jecviacaxy" {harm, rF++ rC++ Dex-5}
 52004 | Vaults:3 | Reached skill level 19 in Polearms
 52294 | Vaults:3 | Received a gift from Okawaru
 53155 | Vaults:4 | Reached XP level 24. HP: 204/204 MP: 35/36
 53290 | Vaults:4 | Identified the serpent talisman "Odwatrim" {Will+ Str-4
                  | Int+3 Dex+6}
 53290 | Vaults:4 | Noticed Aizul
 53319 | Vaults:4 | Killed Aizul
 53352 | Vaults:4 | Reached skill level 15 in Invocations
 54150 | Vaults:4 | Found Sifadd's Armour Boutique.
 54567 | Depths:1 | Entered Level 1 of the Depths
 54603 | Depths:1 | Received a gift from Okawaru
 54992 | Depths:1 | Found Sohaef's Distillery.
 55008 | Depths:1 | Bought a potion of invisibility for 136 gold pieces
 55336 | Depths:1 | Found a gateway to Hell.
 55403 | Depths:1 | Reached skill level 15 in Armour
 55410 | Depths:1 | Reached skill level 10 in Spellcasting
 56073 | Depths:2 | Reached skill level 10 in Evocations
 56095 | Depths:2 | Found a one-way gateway to a ziggurat.
 56095 | Depths:2 | Noticed a caustic shrike
 56095 | Depths:2 | Noticed a caustic shrike
 56095 | Depths:2 | Noticed a caustic shrike
 56095 | Depths:2 | Noticed a caustic shrike
 56118 | Depths:2 | Killed a caustic shrike
 56128 | Depths:2 | Killed a caustic shrike
 56134 | Depths:2 | Killed a caustic shrike
 56141 | Depths:2 | Killed a caustic shrike
 56169 | Depths:2 | Found a one-way gate leading to the halls of Pandemonium.
 56536 | Depths:2 | Found a hazy altar of Hepliaklqana.
 56536 | Depths:2 | Found a broken altar of Ashenzari.
 56537 | Depths:2 | Found an ancient bone altar of Kikubaaqudgha.
 56550 | Depths:2 | Noticed a juggernaut
 56564 | Depths:2 | Killed a juggernaut
 56564 | Depths:2 | Received a gift from Okawaru
 56649 | Depths:2 | Reached XP level 25. HP: 210/210 MP: 32/37
 57039 | Depths:2 | Identified the +5 lajatang "One Fud" {drain, *Rage rF+
                  | Will+ Dex+3}
 57099 | Depths:2 | Identified the staff of Lonoed {Fly rElec rC+ Int+2 Dex-4
                  | Ice}
 57117 | Depths:2 | Received a gift from Okawaru
 57244 | Depths:2 | Reached skill level 20 in Polearms
 58048 | Depths:3 | Noticed Boris
 58078 | Depths:3 | Killed Boris
 58186 | Depths:3 | Received a gift from Okawaru
 58654 | Depths:3 | Found a sparkling altar of Nemelex Xobeh.
 58692 | Depths:3 | Noticed Parghit
 58695 | Depths:3 | You fall into a shaft and drop 1 floor!
 58695 | Depths:4 | Entered Level 4 of the Depths
 58902 | Depths:4 | Found a viscous altar of Jiyva.
 59050 | Depths:4 | Noticed a caustic shrike
 59083 | Depths:4 | Killed a caustic shrike
 59084 | Depths:4 | Reached XP level 26. HP: 182/210 MP: 33/37
 59112 | Depths:4 | Received a gift from Okawaru
 59345 | Depths:4 | Found a gate to the Realm of Zot.
 59597 | Depths:4 | Noticed Frederick
 59611 | Depths:4 | Killed Frederick
 59810 | Depths:4 | Found Tuefyunuyb's Jewellery Emporium.
 59811 | Depths:4 | Found Okhast's Book Boutique.
 59812 | Depths:4 | Found Ymegrona's Jewellery Emporium.
 59893 | Depths:4 | Learned a level 2 spell: Passwall
 60243 | Vaults:2 | Bought a manual of Armour for 1680 gold pieces
 60836 | Depths:3 | Gained mutation: You do not regenerate when monsters are
                  | visible. [a neqoxec]
 60838 | Depths:3 | Lost mutation: You do not regenerate when monsters are
                  | visible. [potion of mutation]
 60838 | Depths:3 | Gained mutation: You passively map a small area around you.
                  | [potion of mutation]
 60838 | Depths:3 | Gained mutation: Your flesh is cold resistant. (rC+)
                  | [potion of mutation]
 60967 | Depths:3 | Killed Parghit
 61358 | Depths:3 | Found a sparkling altar of Nemelex Xobeh.
 61516 | Depths:4 | Reached skill level 21 in Polearms
 61903 | Depths:4 | Found an ancient bone altar of Kikubaaqudgha.
 62651 | Crypt:1  | Entered Level 1 of the Crypt
 63082 | Crypt:1  | Noticed Bai Suzhen
 63098 | Crypt:1  | Killed Bai Suzhen
 63406 | Crypt:1  | Received a gift from Okawaru
 63870 | Crypt:1  | Reached XP level 27. HP: 224/224 MP: 37/37
 64458 | Crypt:2  | Reached skill level 15 in Throwing
 64561 | Crypt:1  | Found a basalt altar of Yredelemnul.
 64564 | Crypt:1  | Noticed Boris
 64587 | Crypt:1  | Killed Boris
 64705 | Crypt:2  | Received a gift from Okawaru
 65070 | Crypt:2  | Identified the +4 chain mail of Fashionability {Will+++}
 65304 | Crypt:3  | Entered Level 3 of the Crypt
 65371 | Crypt:3  | Identified the staff "Ycun" {+Blink rC+ Will+++ Str-4 Int-5
                  | Ice}
 65381 | Crypt:3  | Identified the +8 rapier of Iridwunn {venom, rF+++ Str+3
                  | Int+2 Stlth-}
 65520 | Crypt:3  | Reached skill level 22 in Polearms
 66180 | Crypt:3  | Identified the +2 plate armour of Jyreruq {rF- Dex+7}
 66294 | Crypt:3  | Found a staircase to the Tomb.
 66294 | Crypt:3  | Noticed an ancient lich
 66307 | Crypt:3  | Killed an ancient lich
 66683 | Crypt:3  | Received a gift from Okawaru
 66857 | Crypt:3  | Found an ancient bone altar of Kikubaaqudgha.
 66915 | Crypt:3  | Identified the +5 falchion of Kyxtugon {venom, Fragile
                  | rF++}
 66925 | Crypt:3  | Noticed a dread lich
 66945 | Crypt:3  | Killed a dread lich
 66946 | Crypt:3  | Reached skill level 23 in Polearms
 67344 | Vaults:5 | Entered Level 5 of the Vaults
 67344 | Vaults:5 | Noticed a dread lich
 67367 | Vaults:5 | Killed a dread lich
 67467 | Vaults:5 | Noticed an ancient lich
 67487 | Vaults:5 | Killed an ancient lich
 67857 | Vaults:5 | Reached skill level 24 in Polearms
 68251 | Vaults:5 | Identified the +1 ring mail "Zuubb" {-Cast rElec rF+ Will+}
 68265 | Vaults:5 | Received a gift from Okawaru
 68266 | Vaults:5 | Reached skill level 25 in Polearms
 68292 | Vaults:5 | Identified the +6 dagger of Cowardice {freeze, Int-4 Dex+4}
 68796 | Vaults:5 | Found Udweastra's Antique Weapon Shop.
 68867 | Vaults:5 | Identified the +3 rapier "Kymoowun" {elec, Dex+3}
 68962 | Vaults:5 | Got a silver rune of Zot
 69180 | Vaults:5 | Identified the +7 lajatang of Rutuh {heavy, Fly rPois Str-4
                  | SInv}
 69795 | Depths:4 | Bought the ring "Gueram" {rElec Str+3 Dex+4 Slay+3 SInv}
                  | for 675 gold pieces
 70160 | Vaults:2 | Bought a wand of light (7) for 470 gold pieces
 70160 | Vaults:2 | Bought 6 boomerangs for 192 gold pieces
 70160 | Vaults:2 | Bought a wand of iceblast (4) for 153 gold pieces
 70353 | D:14     | Bought a potion of curing for 33 gold pieces
 70353 | D:14     | Bought a potion of mutation for 88 gold pieces
 70353 | D:14     | Bought a potion of curing for 33 gold pieces
 70353 | D:14     | Bought a potion of attraction for 33 gold pieces
 70353 | D:14     | Bought a potion of might for 44 gold pieces
 70450 | Depths:1 | Bought a potion of curing for 51 gold pieces
 70450 | Depths:1 | Bought a potion of curing for 51 gold pieces
 70450 | Depths:1 | Bought a potion of might for 68 gold pieces
 70450 | Depths:1 | Bought a potion of curing for 51 gold pieces
 70450 | Depths:1 | Bought a potion of curing for 51 gold pieces
 70585 | Zot:1    | Entered Level 1 of the Realm of Zot
 70879 | Zot:1    | Received a gift from Okawaru
 70884 | Zot:1    | Reached skill level 26 in Polearms
 72375 | Zot:5    | Entered Level 5 of the Realm of Zot
 72389 | Zot:5    | Received a gift from Okawaru
 72390 | Zot:5    | Reached skill level 27 in Polearms
 72417 | Zot:5    | Reached skill level 1 in Earth Magic
 73047 | Zot:5    | Noticed a Killer Klown
 73053 | Zot:5    | Killed a Killer Klown
 73053 | Zot:5    | Received a gift from Okawaru
 73062 | Zot:5    | Noticed an orb of fire
 73073 | Zot:5    | Killed an orb of fire
 73111 | Zot:5    | Noticed an orb of fire
 73120 | Zot:5    | Killed an orb of fire
 73271 | Zot:5    | Noticed a Killer Klown
 73278 | Zot:5    | Killed a Killer Klown
 73630 | Zot:5    | Noticed a Killer Klown
 73644 | Zot:5    | Killed a Killer Klown
 73644 | Zot:5    | Received a gift from Okawaru
 73648 | Zot:5    | Noticed a Killer Klown
 73655 | Zot:5    | Noticed a Killer Klown
 73670 | Zot:5    | Reached skill level 5 in Earth Magic
 73698 | Zot:5    | Killed a Killer Klown
 73744 | Zot:5    | Killed a Killer Klown
 73749 | Zot:5    | Learned a level 1 spell: Apportation
 73780 | Zot:5    | Noticed a Killer Klown
 73786 | Zot:5    | Killed a Killer Klown
 73839 | Zot:5    | Reached skill level 1 in Translocations
 74049 | Zot:5    | Noticed a dread lich
 74056 | Zot:5    | Killed a dread lich
 74081 | Zot:5    | Noticed a Killer Klown
 74188 | Zot:5    | Received a gift from Okawaru
 74262 | Zot:5    | Killed a Killer Klown
 74285 | Zot:5    | Noticed an ancient lich
 74290 | Zot:5    | Killed an ancient lich
 74303 | Zot:5    | Noticed an orb of fire
 74320 | Zot:5    | Gained mutation: Your body sometimes deteriorates upon
                  | taking damage. [an orb of fire]
 74321 | Zot:5    | Killed an orb of fire
 74328 | Zot:5    | Noticed a dread lich
 74344 | Zot:5    | Killed a dread lich
 74344 | Zot:5    | Received a gift from Okawaru
 75014 | Zot:5    | Got the Orb of Zot
 75192 | Zot:4    | Noticed Resyn the pandemonium lord
 75203 | Zot:4    | Killed Resyn the pandemonium lord
 75212 | Zot:4    | Reached skill level 5 in Translocations
 75328 | Depths:3 | Noticed Kyvyarch the pandemonium lord
 75678 | D:$      | Escaped with the Orb!

Illustrated notes

Levels and vault maps discovered:
D:1:      lightli_arrival_statue_moat, layout_basic, serial_shops,
          nicolae_shop_just_a_little_nook, serial_bayou_pond_d
D:2:      layout_rooms, uniq_sigmund
D:3:      layout_basic, shapermc_ecumenical_altar_mp_urbaneastern
D:4:      layout_rooms, elyvilon_altar_1, minmay_temple_entry_slanted, uniq_ijyb
D:5:      layout_gridville, pdpol_wu_jian_five_deadly_venoms,
          kennysheep_little_box, skrybe_limestone_x
D:6:      layout_gridville, minmay_shop_mayhem, uniq_crazy_yiuf_cottage
D:7:      layout_gridville, enter_bailey_8, nicolae_lava_and_water, minivault_1
D:8:      layout_basic, hellmonk_lair_entry_icy, uniq_maggie
D:9:      layout_loops_ring, nicolae_hepliaklqana_monster_ancestors,
          st_stairs_2, nicolae_where_there's_smoke
D:10:     layout_long_grid, david_orc_4, monkooky_shop_mail_order, uniq_lodul
D:11:     dreamdust_isle_of_ice, layout_loops_corners, uniq_erolcha, uniq_grum,
          uniq_gastronok
D:12:     layout_cave_pods, serial_shops, shop, uniq_nessos
D:13:     layout_layer_cave, hellmonk_vaults_attempted_burglary,
          portal_ice_cave_entry_imps, minmay_statue_crystal_thing
D:14:     layout_roguey, serial_shops, shop, minmay_strange_pillars
D:15:     gammafunk_enter_depths_forms, layout_basic, serial_shops, shop,
          nicolae_shop_advertising_works [nicolae_subvault_shop_adworks],
          minmay_tree_intersection
Temple:   eino_narrow_crystal_temple
Lair:1:   layout_long_grid, grunt_megastairs_2
Lair:2:   layout_chaotic_city, swamp_mist_pool,
          minmay_snake_entry_guardpost_medium, lemuel_fruit_tree, uniq_harold,
          uniq_erica
Lair:3:   layout_hall_layers, grunt_megastairs_1, serial_bayou_shore_a
Lair:4:   layout_roguey
Lair:5:   hangedman_lair_tendril_chambers, layout_gridlike,
          hangedman_lair_caniforms_friends, minmay_slime_entry_oklob_enclosed,
          gammafunk_ghost_wrathful_warriors, uniq_urug, uniq_rupert
Swamp:1:  layout_basic_swamp, basic_altar, nicolae_swamp_tree_isthmus
Swamp:2:  layout_basic_swamp, ebering_ghost_inner_flame,
          evilmike_swamp_ruin_house_3, swamp_pool_4,
          infiniplex_staircase_pool_2, uniq_donald, uniq_frances
Swamp:3:  layout_basic_swamp, evilmike_swamp_ruin_house_2,
          infiniplex_staircase_pool
Swamp:4:  grunt_swamp_rune_castle, layout_basic_swamp,
          amcnicky_altar_lugonu_corruption
Snake:1:  layout_misc_corridors, nicolae_snake_herptile_family_reunion
Snake:2:  layout_chambers, serial_bayou_lagoon_a, hangedman_snake_pattern,
          uniq_asterion
Snake:3:  layout_chambers, serial_bayou_pond_a, guppyfry_library_mini
Snake:4:  snake_pit_salamanders_mu, layout_rooms, serial_shops, shop,
          nicolae_snake_double_loop, uniq_louise
Orc:1:    layout_caves, gammafunk_ghost_fury_of_okawaru, minmay_orc_keep
Orc:2:    pubby_orc_utopia, serial_shops
Elf:1:    nicolae_elf_arrival_dilemma, layout_gridlike, serial_shops, shop,
          minmay_elf_sorcery, grunt_megastairs_5
Elf:2:    elven_hall_of_blades_hangedman_original
          [nicolae_blade_entry_antechamber], layout_loops_corners, serial_shops,
          nicolae_shop_tiny_real_fake_doors
Elf:3:    minmay_elf_hall_statues, layout_loops_cross, mu_enter_wizlab_3
Vaults:1: v_misc_27, nicolae_vaults_network_star, v_misc_11,
          nicolae_vaults_storage_closets_3,
          nicolae_vaults_shipping_containers_3, nicolae_vaults_tetromino_Z_1,
          nicolae_vaults_wine_cellar, ontoclasm_vaults_fault, vaults_room_fours,
          nicolae_vaults_trapezoid_4, v_misc_14, grunt_vaults_hallway_short,
          grunt_vaults_hallway_short, nicolae_vaults_trapezoid_1,
          hangedman_vaults_impose, layout_vaults_omnibox
Vaults:2: nicolae_vaults_trapezoid_lopsided_3, lightli_church_of_beogh,
          minmay_crypt_entry_simple_sparse, nicolae_vaults_hexular_roomagon,
          ontoclasm_vaults_decontamination, nicolae_vaults_trapezoid_4,
          nicolae_vaults_angled_halls, nicolae_vaults_network_periphery,
          layout_vaults_omnigrid, serial_shops, nicolae_shop_hallway_plus,
          nicolae_shop_back_alley_shop, shop, shop
Vaults:3: nicolae_vaults_tetromino_L_2, vaults_dpeg_hooks, v_alt_pattern_5,
          nicolae_vaults_mini_display_case, nicolae_vaults_circle_grid_a,
          nicolae_vaults_yaktaur_gun_rack, nicolae_vaults_two_Ls,
          nicolae_vaults_house_1, nicolae_vaults_closet_pinwheel_6,
          dpeg_vaults_monster_row, nicolae_vaults_ring_of_whatevers,
          layout_vaults_chaotic_city, uniq_mara, uniq_margery, uniq_boris
Vaults:4: nicolae_vaults_off_center_swirl, nicolae_vaults_big_angled_halls,
          nicolae_vaults_tetromino_T_1, nicolae_vaults_taking_the_gang_shopping,
          serial_library_hellmonk_open_square,
          nicolae_vaults_door_testing_chamber, v_misc_25, vaults_room_pools,
          ontoclasm_vaults_misaligned, ontoclasm_vaults_hangar,
          vaults_room_ringed_pool, vaults_room_door_ring,
          nicolae_vaults_shelves_hall, v_misc_4, nicolae_vaults_two_Ls,
          layout_vaults_omnicross, uniq_aizul
Vaults:5
Crypt:1:  layout_misc_corridors, grunt_crypt_arrival_guarded_gate,
          lemuel_upstairs_altar, uniq_bai_suzhen
Crypt:2:  layout_gridlike
Crypt:3:  quadcrypt_mu
Depths:1: layout_cave_pools, serial_shops, shop, minmay_stone_trees_small,
          hellmouth_1, lightli_corner_chamber
Depths:2: hangedman_slaughterboxes, pan_entry, abyss_entry, hell_entry
Depths:3: kennysheep_demon_jail, layout_cave_shapes, abyss_entry, pan_entry,
          hell_entry, serial_glass, glass_columns_a, glass_columns_a,
          glass_columns_b, minmay_strange_pillars, item_on_display_a,
          nemelex_spade_bored_becter, uniq_parghit
Depths:4: grunt_x_marks_the_spot, layout_gridlike,
          nicolae_kikubaaqudgha_miasma_corner, special_room
          [special_room_jelly], hell_entry, minmay_shop_grove, uniq_frederick,
          uniq_grunn
Zot:1:    layout_gridlike, grunt_megastairs_3
Zot:2:    layout_basic, regret_index_zotdec_silver_v_v_orig_slice, basic_altar,
          nicolae_zot_crop_circle
Zot:3:    layout_basic
Zot:4:    layout_gridlike, lemuel_baited_zot_trap
Zot:5:    layout_basic

Skill      XL: |  1  2  3  4  5  6  7  8  9 10 11 12 13 14 15 16 17 18 19 20 21 22 23 24 25 26 27 |
---------------+----------------------------------------------------------------------------------+-----
Stealth        | 1 2 |  2.0
Fighting       | 4 5 8 10 11 15 16 17 19 20 | 20.0
Polearms       | 5 7 9 12 14 15 16 17 18 19 20 21 27 | 27.0
Armour         | 1 5 7 8 9 11 12 13 14 15 16 18 21 | 21.0
Necromancy     | 1 |  1.0
Invocations    | 3 5 7 8 10 11 12 13 14 15 17 | 17.9
Throwing       | 3 6 9 10 12 13 14 17 | 17.4
Dodging        | 2 4 5 7 9 |  9.4
Evocations     | 1 4 5 6 7 8 10 12 14 | 14.0
Shields        | 7 12 14 15 16 17 | 17.0
Transmutations | 6 10 12 13 14 | 14.0
Conjurations   | 6 9 10 11 12 | 12.0
Spellcasting   | 4 7 8 9 10 | 10.0
Earth Magic    | 7 |  7.0
Translocations | 5 |  5.5

Action                     |  1- 3 |  4- 6 |  7- 9 | 10-12 | 13-15 | 16-18 | 19-21 | 22-24 | 25-27 || total
---------------------------+-------+-------+-------+-------+-------+-------+-------+-------+-------++-------
  Melee: Spear             |   116 |   155 |       |       |       |       |       |       |       ||   271
         Punch             |       |     2 |     4 |    13 |    17 |       |       |       |       ||    36
         Halberd           |       |       |   474 |   743 |  1793 |  1331 |  1897 |  1958 |  1169 ||  9365
         Lance             |       |       |       |       |    58 |   805 |    17 |    99 |  1518 ||  2497
         Quarterstaff      |       |       |       |       |     5 |       |       |       |       ||     5
         Scythe            |       |       |       |       |       |       |       |       |   631 ||   631
  Throw: Stone             |     3 |    18 |    14 |    22 |     6 |       |       |       |       ||    63
         Dart              |       |     4 |       |     3 |       |    12 |     1 |     6 |       ||    26
         Boomerang         |       |       |       |       |    36 |    80 |   250 |    55 |   323 ||   744
         Javelin           |       |       |       |       |       |     7 |       |    24 |   123 ||   154
         Throwing net      |       |       |       |       |       |       |       |     1 |       ||     1
   Cast: Kiss of Death     |     3 |       |       |       |       |       |       |       |       ||     3
         Apportation       |       |       |       |       |       |       |       |       |     1 ||     1
 Invoke: Heroism           |       |       |     3 |     7 |     5 |     5 |     5 |     1 |     4 ||    30
         Receive Weapon    |       |       |       |       |     1 |       |       |       |       ||     1
         Receive Armour    |       |       |       |       |     1 |       |       |       |       ||     1
         Finesse           |       |       |       |       |    10 |    13 |    19 |    18 |    18 ||    78
Ability: Dig               |       |       |     1 |       |     6 |     1 |     3 |     1 |     9 ||    21
         Shaft Self        |       |       |       |       |       |       |       |       |     1 ||     1
  Evoke: Wand              |       |       |       |     3 |     6 |     2 |    10 |    15 |    17 ||    53
         Tin of tremorston |       |       |       |       |       |     6 |     5 |     5 |     8 ||    24
         Lightning rod     |       |       |       |       |       |       |       |       |     4 ||     4
    Use: Potion            |     2 |       |     1 |     3 |     2 |     3 |     2 |     1 |     7 ||    21
         Scroll            |       |     4 |     6 |     6 |    10 |    13 |    10 |    11 |    13 ||    73
   Stab: Sleeping          |     3 |     2 |       |       |       |       |       |       |       ||     5
         Distracted        |       |       |       |       |     1 |       |       |     2 |     3 ||     6
         Invisible         |       |       |       |       |       |    12 |       |     3 |     4 ||    19
         Confused          |       |       |       |       |       |     1 |       |       |       ||     1
         Paralysed         |       |       |       |       |       |       |       |    10 |    26 ||    36
         Held in net/web   |       |       |       |       |       |       |       |     1 |       ||     1
 Armour: Leather armour    |    56 |    15 |       |       |       |       |       |       |       ||    71
         Ring mail         |       |    43 |    26 |       |       |       |       |       |       ||    69
         Scale mail        |       |       |   247 |    29 |       |       |       |       |       ||   276
         Chain mail        |       |       |    18 |       |       |       |       |       |       ||    18
         Plate armour      |       |       |       |   500 |  1024 |   668 |       |       |       ||  2192
         Gold dragon scale |       |       |       |       |       |   227 |   678 |   919 |  1045 ||  2869
  Dodge: Dodged            |    67 |    54 |   183 |   167 |   362 |   237 |   125 |   199 |   269 ||  1663
  Block: Kite shield       |       |       |       |       |   373 |  1389 |  1108 |  1357 |  1553 ||  5780

Table legend: (Time is in decaauts)
 A = Elapsed time spent in this place.
 B = Non-inter-level travel time spent in this place.
 C = Inter-level travel time spent in this place.
 D = Time resting spent in this place.
 E = Time spent auto-exploring this place.
 F = Levels seen in this place.
 G = Mean time per level.
                   A        B        C        D        E       F      G
               +--------+--------+--------+--------+--------+-----+--------+
         Total |  70943 |  62982 |   7961 |   2491 |  40114 |  54 | 1313.8 |
       Dungeon |  19050 |  15812 |   3238 |    930 |  10604 |  15 | 1270.0 |
        Temple |    358 |    334 |     24 |      0 |    307 |   1 |  358.0 |
          Lair |   7792 |   7111 |    681 |     86 |   5277 |   5 | 1558.4 |
         Swamp |   3579 |   3372 |    207 |    182 |   2121 |   4 |  894.8 |
     Snake Pit |   6421 |   6022 |    399 |      2 |   4140 |   4 | 1605.2 |
  Orcish Mines |   3060 |   2606 |    454 |     14 |   1569 |   2 | 1530.0 |
   Elven Halls |   4792 |   4627 |    165 |    222 |   2713 |   3 | 1597.3 |
        Vaults |   8875 |   7662 |   1213 |    122 |   4578 |   5 | 1775.0 |
         Crypt |   4157 |   3939 |    218 |     68 |   2499 |   3 | 1385.7 |
        Depths |   7204 |   6125 |   1079 |    297 |   3619 |   4 | 1801.0 |
           Zot |   4299 |   4019 |    280 |    550 |   2088 |   5 |  859.8 |
        Bailey |    601 |    601 |      0 |     17 |    218 |   1 |  601.0 |
      Ice Cave |     82 |     82 |      0 |      0 |     10 |   1 |   82.0 |
        Wizlab |    667 |    667 |      0 |      0 |    369 |   1 |  667.0 |
               +--------+--------+--------+--------+--------+-----+--------+

Top non-repeatable levels by time:
  Lair:5: 2732 daAuts
   Zot:5: 2480 daAuts
Depths:2: 2361 daAuts
Vaults:3: 2207 daAuts
   Orc:2: 2146 daAuts
Depths:4: 1916 daAuts
    D:10: 1893 daAuts
     D:5: 1829 daAuts
 Snake:2: 1826 daAuts
    D:11: 1808 daAuts
Vaults:5: 1782 daAuts
Vaults:2: 1747 daAuts
 Snake:4: 1744 daAuts
Vaults:1: 1742 daAuts
   Elf:2: 1656 daAuts
